 Dungeon Crawl Stone Soup version 0.30-a0-373-gd37427bb62 (webtiles) character file.

Game seed: 14210482732598691254

9207 Jackthecabe the Grappler (level 11, -9/111 HPs)
             Began as a Troll Wanderer on Nov 25, 2022.
             Was a Priest of Wu Jian.
             Mangled by a skeletal warrior
             ... wielding a +0 war axe
              (26 damage)
             ... on level 11 of the Dungeon.
             The game lasted 00:24:06 (8666 turns).

Jackthecabe the Grappler (Troll Wanderer)           Turns: 8666, Time: 00:24:07

Health: -9/111     AC: 13    Str: 23    XL:     11   Next: 20%
Magic:  11/11      EV: 11    Int:  9    God:    Wu Jian [***...]
Gold:   722        SH:  0    Dex: 11    Spells: 12/12 levels left

rFire   . . .      SeeInvis .      - Unarmed
rCold   . . .      Faith    .    (no shield)
rNeg    . . .      Spirit   .    D - +0 steam dragon scales
rPois   +          Reflect  .    (helmet restricted)
rElec   .          Harm     .    z - +0 cloak
rCorr   .          Rampage  .    (gloves unavailable)
Will    .....                    (boots unavailable)
Stlth   +.........               (no amulet)
HPRegen 1.18/turn                T - +4 ring of protection
MPRegen 0.12/turn                P - ring of poison resistance

@: no status effects
A: large, unfitting armour, claws 3, regeneration 1, shaggy fur 1, tough skin 1
a: Renounce Religion, Wall Jump, Serpent's Lash


You were on level 11 of the Dungeon.
You worshipped Wu Jian.
Wu Jian was most pleased with you.
You visited 2 branches of the dungeon, and saw 12 of its levels.
You also visited: Ossuary.

You collected 836 gold pieces.
You spent 114 gold pieces at shops.


Innate Abilities, Weirdness & Mutations

You are too large for most types of armour.
You have claws for hands.
Your natural rate of healing is unusually fast.
You are covered in fur. (AC +1)
You have tough skin. (AC +1)


   Skills:
 - Level 8.0 Fighting
 - Level 1.2 Ranged Weapons
 - Level 4.0 Throwing
 - Level 4.0 Armour
 - Level 5.0 Dodging
 + Level 12.1 Unarmed Combat
 - Level 1.0 Spellcasting
 - Level 1.0 Necromancy
 - Level 2.0 Evocations


You had 12 spell levels left.
You didn't know any spells.
Your spell library contained the following spells:

 Spells                   Type           Power      Damage    Failure   Level
 Sublimation of Blood     Necr           2%         N/A       36%         2
 Cigotuvi's Dreadful Rot  Necr/Pois/Air  2%         N/A       45%         2
 Ozocubu's Armour         Ice            0%         N/A       73%         3
 Airstrike                Air            0%         2d(0-16)  98%         4
 Summon Lightning Spire   Summ/Air       0%         N/A       98%         4
 Lightning Bolt           Conj/Air       0%         1d11      100%        5
 Ozocubu's Refrigeration  Ice            0%         4d7       100%        7

Inventory:

Missiles
 B - 5 boomerangs
 I - 4 javelins
Armour
 b - a +0 robe
 z - a +0 cloak (worn)
 D - +0 steam dragon scales (worn)
Jewellery
 F - a ring of fire
 M - a ring of magical power
 P - a ring of poison resistance (right claw)
 R - a ring of resist corrosion
 T - a +4 ring of protection (left claw)
Wands
 f - a wand of flame (14)
 o - a wand of light (5)
 E - a wand of iceblast (4)
 G - a wand of mindburst (5)
Scrolls
 c - 3 scrolls of butterflies
 d - 3 scrolls of amnesia
 h - 5 scrolls of immolation
 i - a scroll of enchant weapon
 k - 5 scrolls of poison
 m - 3 scrolls of enchant armour
 r - 4 scrolls of blinking
 s - 3 scrolls of silence {unknown}
 t - a scroll of brand weapon
 v - a scroll of fear
 x - a scroll of magic mapping
 y - a scroll of teleportation {@r2}
Potions
 a - a potion of attraction {unknown}
 e - 2 potions of haste {@q3}
 g - 6 potions of curing {@q1}
 j - 4 potions of cancellation
 l - 5 potions of lignification
 p - 9 potions of degeneration
 q - 3 potions of invisibility
 u - a potion of mutation {unknown}
 w - a potion of might {unknown}
 A - 2 potions of berserk rage {!q}
 C - a potion of magic
 H - a potion of flight {unknown}

Dungeon Overview and Level Annotations

Branches:
Dungeon (11/15)            Temple (1/1) D:4            Lair (0/5) D:8
Ossuary (visited)
    Orc: D:9-12

Altars:
Ashenzari
Cheibriados
Dithmenos
Elyvilon
Fedhas
Gozag
Hepliaklqana
Kikubaaqudgha
Makhleb
Nemelex Xobeh
Okawaru
Qazlal
Ru
Sif Muna
Trog
Uskayaw
Vehumet
Wu Jian
Xom
Yredelemnul
Zin
The Shining One

Shops:
D:1 *   D:6 * D:8

( ~≈≈≈≈≈ #............# #...~≈~~.
≈≈≈≈## #............# #.~~.~≈..
#########.>......##..# #....~≈~.
...##..##........##..# #...~≈≈..
...##..##........##..# #....≈≈..
~..##..##........##..####...#≈≈#.
~..##..##........##.......###≈≈#.
~..##.......>...z##.......#≈≈≈##.
................@##.......#≈####.
.......?.........##.......## ...
~.....###........##......... ....
......# #........##..<......#....
......# #........##.........#....
......# #........##.........#..##
......# #÷÷................
~.....# #..................
......# #..............[...


You could see a skeletal warrior (blind).


Message History

Aim: a skeletal warrior, wielding a +0 war axe (heavily damaged, 71% to hit)
The bolt of light hits the skeletal warrior.
The skeletal warrior is heavily damaged.
The skeletal warrior is blinded.
The skeletal warrior hits you with a +0 war axe!
* * * LOW HITPOINT WARNING * * *
The skeletal warrior is no longer blind.
Aiming: Bolt of Light
Press: ? - help, Shift-Dir - straight line, f/p - skeletal warrior
Aim: a skeletal warrior, wielding a +0 war axe (heavily damaged, 71% to hit)
The bolt of light hits the skeletal warrior!
The skeletal warrior is severely damaged.
The skeletal warrior is blinded.
The skeletal warrior barely misses you.
You barely miss the skeletal warrior.
The skeletal warrior is severely damaged.
You claw the skeletal warrior!
The skeletal warrior is almost destroyed.
The skeletal warrior hits you with a +0 war axe!
* * * LOW HITPOINT WARNING * * *
Unknown command.
You strike the helpless skeletal warrior from behind!
You scratch the skeletal warrior but do no damage.
The skeletal warrior is almost destroyed.
The skeletal warrior hits you with a +0 war axe!
* * * LOW HITPOINT WARNING * * *
Unknown command.
You claw the skeletal warrior!
The skeletal warrior is almost destroyed.
The skeletal warrior hits you with a +0 war axe!!
You die...

Skill      XL: |  1  2  3  4  5  6  7  8  9 10 11 |
---------------+----------------------------------+-----
Unarmed Combat | 1 2 3 4 6 7 8 10 12 | 12.1
Fighting       | 3 4 6 8 |  8.0
Evocations     | 2 |  2.0
Armour         | 1 4 |  4.0
Dodging        | 5 |  5.0
Throwing       | 1 4 |  4.0
Ranged Weapons | |  1.2
Spellcasting   | |  1.0
Necromancy     | |  1.0

Action                   |  1- 3 |  4- 6 |  7- 9 | 10-12 || total
-------------------------+-------+-------+-------+-------++-------
Melee: Unarmed           |    89 |   162 |   172 |   224 ||   647
       Punch             |     3 |     6 |    13 |    10 ||    32
 Fire: Sling             |     1 |       |       |       ||     1
Invok: Lunge             |       |     5 |    17 |    14 ||    36
       Whirlwind         |       |       |     2 |    11 ||    13
 Abil: Wall Jump         |       |       |       |     7 ||     7
Evoke: Wand              |       |     1 |     2 |     9 ||    12
  Use: Scroll            |       |       |     8 |     9 ||    17
 Stab: Sleeping          |     1 |       |     1 |       ||     2
       Invisible         |       |     2 |     1 |     3 ||     6
Armor: Robe              |    36 |    52 |    20 |       ||   108
       Steam dragon scal |       |       |    27 |    96 ||   123
Dodge: Dodged            |    45 |    46 |    56 |    85 ||   232

Levels and vault maps discovered:
D:1:      minmay_arrival_checkered_box, layout_loops_ring, serial_shops,
          nicolae_shop_temple_entry_statues_fountains
D:2:      layout_basic
D:3:      minmay_spotlight, layout_rooms, nicolae_overflow_hidden_temple
D:4:      layout_rooms, mainiacjoe_overflow_alcove_4,
          minmay_temple_entry_mini_moons, nicolae_ossuary_entry_ruins
D:5:      layout_rooms, grunt_gozag_statues, kennysheep_cluttered_room,
          uniq_duvessa
D:6:      layout_loops_ring, serial_shops, shop_statue, uniq_menkaure,
          uniq_blork_the_orc
D:7:      layout_cave_pools, nicolae_overflow_crystal_walls
D:8:      minmay_s_stair_smasher, layout_rooms,
          mainiacjoe_overflow_small_starburst, nicolae_dithmenos_the_darkroom,
          mainiacjoe_overflow_cross_hatched, serial_shops, nicolae_square_shop
D:9:      layout_irregular_city, mainiacjoe_overflow_alcove_1, serial_glass,
          glass_columns_b, glass_columns_b, glass_columns_b, glass_columns_b,
          glass_columns_a, glass_columns_b, glass_columns_a, glass_columns_c,
          glass_columns_b, glass_columns_b, minmay_strange_pillars,
          minmay_strange_pillars, eino_small_chamber_without_monster,
          lemuel_flamethrower_hall
D:10:     layout_basic, lemuel_doored_altar
D:11:     layout_long_grid, orc_0_dummy, serial_rivers,
          chequers_serial_rivers_small_3, chequers_serial_rivers_large_a,
          chequers_serial_rivers_small_b, chequers_serial_rivers_large_b,
          chequers_serial_rivers_micro_c, uniq_urug, uniq_gastronok
Temple:   dshaligram_water_room_temple

Notes
Turn   | Place    | Note
-------+----------+-------------------------------------------
     0 | D:1      | Jackthecabe the Troll Wanderer began the quest for the Orb.
     0 | D:1      | Jackthecabe set off with the following items: a +2 sling, a
                  | +0 robe, a scroll of butterflies; and the following spells
                  | available to memorise: Sublimation of Blood, Cigotuvi's
                  | Dreadful Rot.
     0 | D:1      | Reached XP level 1. HP: 19/19 MP: 1/1
    88 | D:1      | Reached skill level 1 in Unarmed Combat
   326 | D:1      | Reached XP level 2. HP: 27/27 MP: 2/2
   381 | D:1      | Reached skill level 2 in Unarmed Combat
   406 | D:1      | Found Ejauts's Assorted Antiques.
   778 | D:2      | Reached XP level 3. HP: 33/33 MP: 3/3
   975 | D:2      | Reached skill level 3 in Unarmed Combat
  1460 | D:3      | Reached XP level 4. HP: 39/41 MP: 4/4
  1512 | D:3      | Reached skill level 4 in Unarmed Combat
  1867 | D:3      | Found a basalt altar of Yredelemnul.
  1995 | D:4      | Found a staircase to the Ecumenical Temple.
  2008 | D:4      | Reached XP level 5. HP: 39/48 MP: 5/5
  2016 | Temple   | Entered the Ecumenical Temple
  2075 | Temple   | Became a worshipper of the Wu Jian Council
  2104 | D:4      | Noticed an ogre
  2118 | D:4      | Reached skill level 5 in Unarmed Combat
  2121 | D:4      | Killed an ogre
  2148 | D:4      | Reached skill level 6 in Unarmed Combat
  2148 | D:4      | Reached XP level 6. HP: 45/55 MP: 6/6
  2209 | D:4      | Found a sand-covered staircase.
  2230 | Ossuary  | Entered an ossuary
  2316 | Ossuary  | Reached * piety under Wu Jian
  2432 | Ossuary  | Reached skill level 7 in Unarmed Combat
  2791 | D:4      | Found an iron altar of Okawaru.
  2839 | D:5      | Entered Level 5 of the Dungeon
  3006 | D:5      | Reached XP level 7. HP: 60/62 MP: 7/7
  3175 | D:5      | Found an opulent altar of Gozag.
  3260 | D:5      | Reached skill level 8 in Unarmed Combat
  3295 | D:5      | Reached skill level 2 in Fighting
  3391 | D:5      | Reached skill level 3 in Fighting
  3502 | D:5      | Noticed Dowan
  3622 | D:6      | Noticed Menkaure
  3627 | D:6      | Killed Menkaure
  3628 | D:6      | Reached XP level 8. HP: 54/78 MP: 8/8
  3652 | D:6      | Found Qoat's General Store.
  3676 | D:6      | Reached skill level 4 in Fighting
  3850 | D:6      | Reached skill level 9 in Unarmed Combat
  3972 | D:6      | Bought a scroll of blinking for 90 gold pieces
  3972 | D:6      | Bought a scroll of identify for 24 gold pieces
  4060 | D:6      | Noticed Blork the orc
  4071 | D:6      | Killed Blork the orc
  4072 | D:6      | Reached skill level 10 in Unarmed Combat
  4184 | D:6      | Reached skill level 1 in Evocations
  4201 | D:6      | Reached ** piety under Wu Jian
  4367 | D:7      | Reached skill level 2 in Evocations
  4367 | D:7      | Reached skill level 1 in Armour
  4372 | D:7      | Reached XP level 9. HP: 64/84 MP: 9/9
  4409 | D:7      | Found a shimmering blue altar of Sif Muna.
  4550 | D:7      | Reached skill level 2 in Armour
  4902 | D:8      | Reached skill level 3 in Armour
  4993 | D:8      | Found a bloodstained altar of Trog.
  5002 | D:8      | Found Paecooz's Weapon Shop.
  5025 | D:8      | Noticed a centaur warrior
  5044 | D:8      | Found a staircase to the Lair.
  5080 | D:8      | Reached skill level 4 in Armour
  5080 | D:8      | Noticed a two-headed ogre
  5099 | D:8      | Killed a two-headed ogre
  5100 | D:8      | Reached skill level 4 in Dodging
  5100 | D:8      | Reached skill level 5 in Dodging
  5106 | D:8      | Reached skill level 5 in Fighting
  5364 | D:8      | Killed a centaur warrior
  5365 | D:8      | Reached skill level 6 in Fighting
  5365 | D:8      | Reached XP level 10. HP: 78/98 MP: 10/10
  5532 | D:8      | Found a stormy altar of Qazlal.
  5622 | D:9      | Reached skill level 11 in Unarmed Combat
  5704 | D:9      | Identified the +1 robe of Summer {rN+}
  5968 | D:9      | Found a blossoming altar of Fedhas.
  6004 | D:9      | Noticed a gargoyle
  6156 | D:8      | Reached *** piety under Wu Jian
  6177 | D:8      | Found a shadowy altar of Dithmenos.
  6525 | D:5      | Killed Dowan
  6528 | D:5      | Noticed Duvessa
  6539 | D:5      | Killed Duvessa
  6691 | D:5      | Found an opulent altar of Gozag.
  7018 | D:9      | Killed a gargoyle
  7019 | D:9      | Reached skill level 12 in Unarmed Combat
  7349 | D:10     | Entered Level 10 of the Dungeon
  7499 | D:10     | Reached skill level 7 in Fighting
  7806 | D:10     | Found a hazy altar of Hepliaklqana.
  8255 | D:11     | Identified the +2 war axe "Killer Klown's Doom" {chaos,
                  | *Slow +Blink rElec rN+}
  8314 | D:11     | Noticed Urug
  8322 | D:11     | Killed Urug
  8323 | D:11     | Reached skill level 8 in Fighting
  8323 | D:11     | Reached skill level 1 in Throwing
  8327 | D:11     | Reached XP level 11. HP: 111/111 MP: 11/11
  8351 | D:11     | Reached skill level 2 in Throwing
  8455 | D:11     | Reached skill level 3 in Throwing
  8549 | D:11     | Reached skill level 4 in Throwing
  8621 | D:11     | Noticed a skeletal warrior
  8666 | D:11     | Mangled by a skeletal warrior

Vanquished Creatures
  A centaur warrior (D:8)
  A two-headed ogre (D:8)
  Urug (D:11)
  A gargoyle (D:9)
  A hornet (D:10)
  A centaur simulacrum (D:11)
  2 vampires (D:9)
  15 yaks
  A shadow (D:10)
  4 steam dragons
  Menkaure (D:6)
  2 water moccasins (D:8)
  Duvessa (D:5)
  2 orc warriors
  3 ice beasts
  A sky beast (D:7)
  6 ogres
  5 centaurs
  A phantom (D:5)
  Blork the orc (D:6)
  2 kobold brigands
  3 bullfrogs
  A gnoll sergeant (D:9)
  A scorpion (D:5)
  3 wights (D:8)
  Dowan (D:5)
  7 killer bees (D:10)
  A centaur zombie (Ossuary)
  2 human zombies (Ossuary)
  A hound (D:6)
  A jelly (D:8)
  4 orc priests
  A gnoll bouda (D:8)
  4 iguanas
  5 orc wizards
  5 mummies (Ossuary)
  7 gnolls
  9 adders
  A shadow imp (D:8)
  2 white imps (D:8)
  2 worms
  3 dart slugs
  24 orcs
  3 bats
  9 endoplasms
  3 giant cockroaches
  6 goblins
  5 hobgoblins
  15 kobolds
  4 quokkas
  4 ball pythons
  3 frilled lizards
  3 gnoll zombies (Ossuary)
  2 hobgoblin zombies (Ossuary)
  5 rats
203 creatures vanquished.

Vanquished Creatures (others)
  11 fungi (D:8)
11 creatures vanquished.

Grand Total: 214 creatures vanquished

Table legend: (Time is in decaauts)
 A = Elapsed time spent in this place.
 B = Non-inter-level travel time spent in this place.
 C = Inter-level travel time spent in this place.
 D = Time resting spent in this place.
 E = Time spent auto-exploring this place.
 F = Levels seen in this place.
 G = Mean time per level.
                   A        B        C        D        E       F      G
               +--------+--------+--------+--------+--------+-----+--------+
         Total |   8598 |   8024 |    574 |    312 |   5982 |  13 |  661.4 |
       Dungeon |   8283 |   7725 |    558 |    312 |   5824 |  11 |  753.0 |
        Temple |     75 |     59 |     16 |      0 |     41 |   1 |   75.0 |
       Ossuary |    238 |    238 |      0 |      0 |    117 |   1 |  238.0 |
               +--------+--------+--------+--------+--------+-----+--------+

Top non-repeatable levels by time:
     D:5: 1244 daAuts
     D:9: 999 daAuts
    D:10: 873 daAuts
     D:8: 803 daAuts
     D:6: 762 daAuts
     D:2: 748 daAuts
     D:4: 735 daAuts
     D:1: 647 daAuts
     D:3: 540 daAuts
     D:7: 499 daAuts
    D:11: 428 daAuts
 Ossuary: 238 daAuts
  Temple: 75 daAuts

Table legend:
 A = Non-vault XP
 B = Vault XP
 C = Vault XP percentage of total XP
 D = Non-vault monster count
 E = Vault monster count
 F = Vault count percentage of total count
                 A         B        C        D         E       F
            +---------+---------+-------+---------+---------+-------
      Total |    9679 |    3474 |  26.4 |     169 |      34 |  16.7
            +---------+---------+-------+---------+---------+-------
        D:1 |      24 |       0 |   0.0 |      15 |       0 |   0.0
        D:2 |      54 |       0 |   0.0 |      16 |       0 |   0.0
        D:3 |      92 |       3 |   3.2 |      16 |       1 |   5.9
        D:4 |     267 |       0 |   0.0 |      22 |       0 |   0.0
        D:5 |     642 |     208 |  24.5 |      13 |       2 |  13.3
        D:6 |    1047 |     272 |  20.6 |      20 |       2 |   9.1
        D:7 |     384 |       0 |   0.0 |       6 |       0 |   0.0
        D:8 |    1527 |    1964 |  56.3 |      11 |      15 |  57.7
        D:9 |    1505 |       0 |   0.0 |      21 |       0 |   0.0
       D:10 |    1882 |       0 |   0.0 |      18 |       0 |   0.0
       D:11 |    2255 |     800 |  26.2 |      11 |       1 |   8.3
    Ossuary |       0 |     227 | 100.0 |       0 |      13 | 100.0
            +---------+---------+-------+---------+---------+-------
